 Dungeon Crawl Stone Soup version 0.29.1-13-g9f3cf754e1 (webtiles) character file.

Game seed: 10082411595474098497

513 tizbic2 the Twirler (level 7, -1/70 HPs)
             Began as an Ogre Artificer on Feb 8, 2023.
             Was an Initiate of Vehumet.
             Succumbed to a scorpion's poison
             ... on level 5 of the Dungeon.
             The game lasted 00:15:57 (5447 turns).

tizbic2 the Twirler (Ogre Artificer)                Turns: 5447, Time: 00:15:58

Health: -1/70      AC:  3    Str: 17    XL:     7   Next: 19%
Magic:  10/10      EV: 10    Int: 14    God:    Vehumet [......]
Gold:   246        SH:  0    Dex:  9    Spells: 10/10 levels left

rFire   . . .      SeeInvis .   g - staff of cold
rCold   + . .      Faith    .   h - orb {*Rage}
rNeg    . . .      Spirit   .   m - +0 robe
rPois   .          Reflect  .   (helmet restricted)
rElec   .          Harm     .   (no cloak)
rCorr   .          Rampage  .   (gloves unavailable)
Will    .....      Rage     20% (boots unavailable)
Stlth   +.........              (no amulet)
HPRegen 0.21/turn               (no ring)
MPRegen 0.12/turn               (no ring)

@: lethally poisoned (-1 -> -16), on berserk cooldown, flying
A: large, unfitting armour, tough skin 1
a: Renounce Religion


You were on level 5 of the Dungeon.
You worshipped Vehumet.
Vehumet was noncommittal.
You visited 1 branch of the dungeon, and saw 5 of its levels.

You collected 246 gold pieces.

Inventory:

Hand Weapons
 a - a +1 club
 r - a +0 dagger of venom
Missiles
 p - 2 boomerangs
 s - 3 poisoned darts
Armour
 h - an orb of wrath (worn)
 m - a +0 robe (worn)
Magical Staves
 g - a staff of cold (weapon)
Jewellery
 q - an amulet of faith
Wands
 c - a wand of flame (3) (quivered)
 d - a wand of charming (14)
 e - a wand of iceblast (5)
Scrolls
 b - a scroll of poison
 j - 2 scrolls of vulnerability {unknown}
 k - a scroll of immolation {unknown}
 o - a scroll of magic mapping
 t - 2 scrolls of blinking
Potions
 f - 4 potions of flight
 i - a potion of berserk rage
 l - a potion of brilliance
 n - a potion of attraction


   Skills:
 + Level 4.1 Fighting
 * Level 4.3 Staves
 - Level 2.1 Dodging
 - Level 0.6 Stealth
 - Level 2.0 Spellcasting
 + Level 2.7 Ice Magic
 + Level 3.3 Evocations


You had 10 spell levels left.
You didn't know any spells.
Your spell library contained the following spells:

 Spells                   Type           Power      Damage    Failure   Level
 Gell's Gravitas          Tloc           1%         N/A       56%         3
 Teleport Other           Tloc           1%         N/A       56%         3
 Dispersal                Tloc           0%         N/A       100%        6


Dungeon Overview and Level Annotations

Branches:
Dungeon (5/15)
 Temple: D:4-7

Altars:
Cheibriados
Fedhas
Nemelex Xobeh
Okawaru
Qazlal
Vehumet


Innate Abilities, Weirdness & Mutations

You are too large for most types of armour.
You have tough skin. (AC +1)


Message History

The scorpion stings you. The scorpion misses you.
You barely miss the scorpion.
The scorpion is severely wounded.
You feel sick. The scorpion stings you.
You completely miss the scorpion.
The scorpion is severely wounded.
You feel sick. The scorpion misses you. The scorpion closely misses you.
You closely miss the scorpion.
The scorpion is severely wounded.
You feel sick. The scorpion stings you. x2
You closely miss the scorpion.
The scorpion is severely wounded.
You feel yourself speed up.
You feel sick. The scorpion misses you. The scorpion stings you!
You are more poisoned.
The scorpion poisons you!
You hit the scorpion but do no damage.
The scorpion is severely wounded.
You feel very sick. The scorpion stings you.
* * * LOW HITPOINT WARNING * * *
You are lethally poisoned!
The scorpion poisons you!
It was a potion of flight.
You feel very buoyant.
You fly up into the air.
* * * LOW HITPOINT WARNING * * *
You feel very sick. The scorpion stings you.
* * * LOW HITPOINT WARNING * * *
Okay, then.
Okay, then.
You closely miss the scorpion.
The scorpion is severely wounded.
* * * LOW HITPOINT WARNING * * *
You feel very sick. The scorpion misses you.
You hit the scorpion but do no damage.
The scorpion is heavily wounded.
You die...

####.##.#
..... #.#
##...##.#
......#.#
...#.##.#
......#.#
####.#..#
.._...^.#
#....# #.#
####.# #.#
#.# #.#
#.#########s#
#.........@.#
#############


You could see a scorpion.

Vanquished Creatures
  A phantom (D:5)
  A scorpion (D:5)
  A necrophage (D:4)
  A jelly (D:5)
  2 orc priests (D:4)
  Jessica (D:3)
  An iguana (D:4)
  4 gnolls
  6 adders
  A worm (D:2)
  4 dart slugs
  4 orcs
  9 ball pythons
  4 bats
  8 endoplasms
  2 giant cockroaches
  5 hobgoblins
  4 jackals
  2 quokkas
  7 frilled lizards
  4 goblins
  9 kobolds
  4 rats (D:1)
85 creatures vanquished.

Vanquished Creatures (others)
  An orc priest (D:4)
  5 fungi (D:2)
  4 plants (D:2)
10 creatures vanquished.

Grand Total: 95 creatures vanquished

Notes
Turn   | Place    | Note
-------+----------+-------------------------------------------
     0 | D:1      | tizbic2 the Ogre Artificer began the quest for the Orb.
     0 | D:1      | Reached XP level 1. HP: 19/19 MP: 1/1
   372 | D:1      | Reached skill level 1 in Staves
   372 | D:1      | Reached XP level 2. HP: 13/28 MP: 2/2
   726 | D:1      | Reached skill level 1 in Spellcasting
  1004 | D:1      | Reached XP level 3. HP: 35/35 MP: 4/4
  1530 | D:2      | Found a blossoming altar of Fedhas.
  1582 | D:1      | Reached skill level 1 in Ice Magic
  2019 | D:2      | Reached XP level 4. HP: 41/44 MP: 6/6
  2690 | D:2      | Found a faded altar of an unknown god.
  3274 | D:3      | Noticed Jessica
  3288 | D:3      | Killed Jessica
  3289 | D:3      | Reached XP level 5. HP: 41/50 MP: 7/7
  4528 | D:4      | Reached XP level 6. HP: 24/58 MP: 9/9
  4809 | D:4      | Found a stormy altar of Qazlal.
  4809 | D:4      | Found a radiant altar of Vehumet.
  4816 | D:4      | Found a snail-covered altar of Cheibriados.
  4817 | D:4      | Found a blossoming altar of Fedhas.
  4817 | D:4      | Found an iron altar of Okawaru.
  4836 | D:4      | Became a worshipper of Vehumet
  5195 | D:5      | Entered Level 5 of the Dungeon
  5229 | D:5      | Reached XP level 7. HP: 53/70 MP: 10/10
  5430 | D:5      | Found a sparkling altar of Nemelex Xobeh.
  5446 | D:5      | HP: 2/70 [poisoned by a scorpion]
  5447 | D:5      | Succumbed to a scorpion's poison

Illustrated notes

Levels and vault maps discovered:
D:1:      scummos_arrival_simple_crosswalls, layout_basic
D:2:      layout_rooms, basic_altar, shapermc_ecumenical_altar_mp_urbaneastern,
          solitary_fountain
D:3:      layout_basic, minmay_misc_feat_pillars, kennysheep_cross_bottleneck,
          uniq_jessica
D:4:      layout_rooms, grunt_temple_overflow_open
D:5:      layout_basic, lemuel_tele_altar, minmay_temple_entry_mist,
          chequers_serial_rivers_micro_e, uniq_eustachio

Skill      XL: |  1  2  3  4  5  6 |
---------------+-------------------+-----
Staves         | 1 2 3 4 |  4.3
Fighting       | 2 3 4 |  4.1
Spellcasting   | 1 2 |  2.0
Ice Magic      | 1 2 |  2.7
Evocations     | 3 |  3.3
Dodging        | |  2.1
Stealth        | |  0.6

Action                   |  1- 3 |  4- 6 |  7- 9 || total
-------------------------+-------+-------+-------++-------
Melee: Club              |    75 |       |       ||    75
       Staff             |   126 |   236 |    21 ||   383
       Punch             |     3 |     1 |       ||     4
Evoke: Wand              |     6 |     6 |     1 ||    13
  Use: Scroll            |       |    11 |     1 ||    12
       Potion            |       |     3 |     1 ||     4
 Stab: Invisible         |       |     1 |       ||     1
Armor: Robe              |    84 |    46 |       ||   130
Dodge: Dodged            |   122 |   103 |    14 ||   239
